PAAA
BLOOMINGTON LONGNECKS @ SANTA BARBARA GOLDEN CRANES
07/13/2034
 
TOP OF THE 1ST
Bloomington Longnecks batting - Pitching for Santa Barbara Golden Cranes : LHP Isaaka Ienimea
Pitching: LHP Isaaka Ienimea
Batting: RHB Tony Martínez 0-0: Ground out 1-3 (Groundball, 15)
Batting: SHB Benedict Patel 0-0: Fly out, F8 (Flyball, 8RS)
Batting: RHB Bastiaan Pieterse 0-0: Foul Ball, location: 2F
0-1: Called Strike
0-2: Foul Ball, location: 2F
0-2: Ball
1-2: Ball
2-2: Foul Ball, location: 2F
2-2: Strikes out looking
Top of the 1st over - 0 runs, 0 hits, 0 errors, 0 left on base; Bloomington 0 - Santa Barbara 0
BOTTOM OF THE 1ST
Santa Barbara Golden Cranes batting - Pitching for Bloomington Longnecks : LHP Gabriel Valenzuela
Pitching: LHP Gabriel Valenzuela
Batting: LHB Tom Haymon 0-0: DOUBLE (Line Drive, 9LD)
Batting: RHB Gerardo Vázquez 0-0: Ball
1-0: Called Strike
1-1: Ball
2-1: SINGLE (Groundball, 56D)
Tom Haymon to third
Runner from 3rd tries for Home, throw and OUT!
Gerardo Vázquez to second
Batting: RHB James Pike 0-0: Ball
1-0: Called Strike
1-1: Ground out 4-3 (Groundball, 34)
Gerardo Vázquez to third
Batting: RHB Ed St. James 0-0: Called Strike
0-1: Ball
1-1: Ground out 6-3 (Groundball, 6)
Bottom of the 1st over - 0 runs, 2 hits, 0 errors, 1 left on base; Bloomington 0 - Santa Barbara 0
TOP OF THE 2ND
Bloomington Longnecks batting - Pitching for Santa Barbara Golden Cranes : LHP Isaaka Ienimea
Batting: RHB Miguel Elías 0-0: Ball
1-0: Ground out 6-3 (Groundball, 6)
Batting: RHB Sébastien Bernard 0-0: Called Strike
0-1: Ground out 6-3 (Groundball, 6)
Batting: LHB Henk van Aardschot 0-0: Called Strike
0-1: Ball
1-1: Foul Ball, location: 2F
1-2: Strikes out swinging
Top of the 2nd over - 0 runs, 0 hits, 0 errors, 0 left on base; Bloomington 0 - Santa Barbara 0
BOTTOM OF THE 2ND
Santa Barbara Golden Cranes batting - Pitching for Bloomington Longnecks : LHP Gabriel Valenzuela
Batting: LHB Su-wu Xiao 0-0: Ball
1-0: Ground out 4-3 (Groundball, 4)
Batting: RHB Hank Scorpio 0-0: Ball
1-0: Ground out 5-3 (Groundball, 5S)
Batting: LHB Jin-song Seah 0-0: Fly out, F8 (Flyball, 78XD)
Bottom of the 2nd over - 0 runs, 0 hits, 0 errors, 0 left on base; Bloomington 0 - Santa Barbara 0
TOP OF THE 3RD
Bloomington Longnecks batting - Pitching for Santa Barbara Golden Cranes : LHP Isaaka Ienimea
Batting: RHB Fletcher Megarity 0-0: Ground out U3 (Groundball, 34)
Batting: RHB Stephen Chávez 0-0: Ball
1-0: Called Strike
1-1: Foul Ball, location: 2F
1-2: Ball
2-2: Fly out, F7 (Flyball, 78S)
Batting: RHB Eun-bum Kim 0-0: Foul Ball, location: 2F
0-1: Ground out 4-3 (Groundball, 4)
Top of the 3rd over - 0 runs, 0 hits, 0 errors, 0 left on base; Bloomington 0 - Santa Barbara 0
BOTTOM OF THE 3RD
Santa Barbara Golden Cranes batting - Pitching for Bloomington Longnecks : LHP Gabriel Valenzuela
Batting: RHB Logan Manning 0-0: Ball
1-0: SOLO HOME RUN (Flyball, 78XD), Distance : 429 ft
Batting: RHB Rocky Zolman 0-0: Swinging Strike
0-1: Ball
1-1: Foul Ball, location: 2F
1-2: Foul Ball, location: 2F
1-2: Ball
2-2: Ball
3-2: TRIPLE (Flyball, 8RXD)
Batting: LHB Tom Haymon 0-0: Ball
1-0: Called Strike
1-1: Ball
2-1: Called Strike
2-2: Foul Ball, location: 2F
2-2: Foul Ball, location: 2F
2-2: Ground out 1-3 (Groundball, P)
Batting: RHB Gerardo Vázquez 0-0: Swinging Strike
0-1: Swinging Strike
0-2: Foul Ball, location: 2F
0-2: Strikes out swinging
Batting: RHB James Pike 0-0: 2-RUN HOME RUN (Flyball, 7LD), Distance : 366 ft
Batting: RHB Ed St. James 0-0: Called Strike
0-1: Foul Ball, location: 2F
0-2: Strikes out swinging, 2-3 out at first.
Bottom of the 3rd over - 3 runs, 3 hits, 0 errors, 0 left on base; Bloomington 0 - Santa Barbara 3
TOP OF THE 4TH
Bloomington Longnecks batting - Pitching for Santa Barbara Golden Cranes : LHP Isaaka Ienimea
Batting: RHB Tony Martínez 0-0: DOUBLE (Line Drive, 78D)
Batting: SHB Benedict Patel 0-0: Called Strike
0-1: Called Strike
0-2: Fly out, F8 (Flyball, 8RM)
Runner from 2nd tags up, SAFE at 3rd with throw
Batting: RHB Bastiaan Pieterse 0-0: Fly out, F8 (Flyball, 8RM)
Runner from 3rd tags up, OUT at HOME
Top of the 4th over - 0 runs, 1 hit, 0 errors, 0 left on base; Bloomington 0 - Santa Barbara 3
BOTTOM OF THE 4TH
Santa Barbara Golden Cranes batting - Pitching for Bloomington Longnecks : LHP Gabriel Valenzuela
Batting: LHB Su-wu Xiao 0-0: Foul Ball, location: 2F
0-1: Called Strike
0-2: Ball
1-2: Foul Ball, location: 2F
1-2: DOUBLE (Flyball, 78D)
Batting: RHB Hank Scorpio 0-0: Intentional Walk
Batting: LHB Jin-song Seah 0-0: Ball
Su-wu Xiao steals 3rd base
1-0: Fly out, F7 (Flyball, 7LS)
Runner from 3rd tags up, SCORES, no throw
Batting: RHB Logan Manning 0-0: Called Strike
0-1: Swinging Strike
0-2: Ball
1-2: Fly out, F7 (Flyball, 7LSF)
Batting: RHB Rocky Zolman 0-0: Ball
1-0: Fly out, F9 (Flyball, 89M)
Bottom of the 4th over - 1 run, 1 hit, 0 errors, 1 left on base; Bloomington 0 - Santa Barbara 4
TOP OF THE 5TH
Bloomington Longnecks batting - Pitching for Santa Barbara Golden Cranes : LHP Isaaka Ienimea
Batting: RHB Miguel Elías 0-0: Called Strike
0-1: Ball
1-1: Fly out, F9 (Flyball, 9LSF)
Batting: RHB Sébastien Bernard 0-0: Ball
1-0: Called Strike
1-1: Fly out, F7 (Line Drive, 78D)
Batting: LHB Henk van Aardschot 0-0: Ball
1-0: Fly out, F7 (Line Drive, 78M)
Top of the 5th over - 0 runs, 0 hits, 0 errors, 0 left on base; Bloomington 0 - Santa Barbara 4
BOTTOM OF THE 5TH
Santa Barbara Golden Cranes batting - Pitching for Bloomington Longnecks : LHP Gabriel Valenzuela
Batting: LHB Tom Haymon 0-0: Ball
1-0: Foul Ball, location: 2F
1-1: Called Strike
1-2: Foul Ball, location: 2F
1-2: SINGLE (Groundball, 4D)
Batting: RHB Gerardo Vázquez 0-0: Swinging Strike
0-1: Ball
1-1: Foul Ball, location: 2F
1-2: Fly out, F8 (Flyball, 78D)
Batting: RHB James Pike 0-0: Ball
1-0: Foul Ball, location: 2F
1-1: Grounds into double play, 6-4-3 (Groundball, 6)
Bottom of the 5th over - 0 runs, 1 hit, 0 errors, 0 left on base; Bloomington 0 - Santa Barbara 4
TOP OF THE 6TH
Bloomington Longnecks batting - Pitching for Santa Barbara Golden Cranes : LHP Isaaka Ienimea
Batting: RHB Fletcher Megarity 0-0: Called Strike
0-1: Ball
1-1: Ball
2-1: Foul Ball, location: 2F
2-2: Strikes out looking
Batting: RHB Stephen Chávez 0-0: Foul Ball, location: 2F
0-1: Fly out, F7 (Line Drive, 78D)
Batting: RHB Eun-bum Kim 0-0: Fly out, F8 (Line Drive, 8RM)
Top of the 6th over - 0 runs, 0 hits, 0 errors, 0 left on base; Bloomington 0 - Santa Barbara 4
BOTTOM OF THE 6TH
Santa Barbara Golden Cranes batting - Pitching for Bloomington Longnecks : LHP Gabriel Valenzuela
Batting: RHB Ed St. James 0-0: Foul Ball, location: 2F
0-1: Ball
1-1: Ground out 5-3 (Groundball, 56)
Batting: LHB Su-wu Xiao 0-0: Ball
1-0: Ball
2-0: Foul Ball, location: 2F
2-1: Swinging Strike
2-2: Strikes out swinging
Batting: RHB Hank Scorpio 0-0: Foul Ball, location: 2F
0-1: Swinging Strike
0-2: Ball
1-2: Ball
2-2: Foul Ball, location: 2F
2-2: Ground out U3 (Groundball, 3S)
Bottom of the 6th over - 0 runs, 0 hits, 0 errors, 0 left on base; Bloomington 0 - Santa Barbara 4
TOP OF THE 7TH
Bloomington Longnecks batting - Pitching for Santa Barbara Golden Cranes : LHP Isaaka Ienimea
Batting: RHB Tony Martínez 0-0: Ball
1-0: Ball
2-0: Called Strike
2-1: Ground out 5-3 (Groundball, 56)
Batting: SHB Benedict Patel 0-0: Called Strike
0-1: Ball
1-1: Ball
2-1: Ball
3-1: Foul Ball, location: 2F
3-2: Ground out 3-1 (Groundball, 34S)
Batting: RHB Bastiaan Pieterse 0-0: Called Strike
0-1: SINGLE (Flyball, 9S)
Batting: RHB Miguel Elías 0-0: Called Strike
0-1: Called Strike
0-2: Strikes out looking
Top of the 7th over - 0 runs, 1 hit, 0 errors, 1 left on base; Bloomington 0 - Santa Barbara 4
BOTTOM OF THE 7TH
Santa Barbara Golden Cranes batting - Pitching for Bloomington Longnecks : LHP Gabriel Valenzuela
Batting: LHB Jin-song Seah 0-0: Called Strike
0-1: Ball
1-1: Ground out 5-3 (Groundball, 56)
Batting: RHB Logan Manning 0-0: Ball
1-0: Ball
2-0: Ball
3-0: Called Strike
3-1: Foul Ball, location: 2F
3-2: Foul Ball, location: 2F
3-2: Foul Ball, location: 2F
3-2: Strikes out swinging
Pitching: LHP Steve Wortley
Batting: RHB Rocky Zolman 0-0: Called Strike
0-1: Fly out, F7 (Line Drive, 7)
Bottom of the 7th over - 0 runs, 0 hits, 0 errors, 0 left on base; Bloomington 0 - Santa Barbara 4
TOP OF THE 8TH
Bloomington Longnecks batting - Pitching for Santa Barbara Golden Cranes : LHP Isaaka Ienimea
Batting: RHB Sébastien Bernard 0-0: Foul Ball, location: 2F
0-1: Called Strike
0-2: Strikes out swinging
Batting: LHB Henk van Aardschot 0-0: Ball
1-0: Swinging Strike
1-1: Called Strike
1-2: Foul Ball, location: 2F
1-2: Foul Ball, location: 2F
1-2: Foul Ball, location: 2F
1-2: Strikes out looking
Batting: RHB Fletcher Megarity 0-0: Ball
1-0: Foul Ball, location: 2F
1-1: Ball
2-1: Ground out 5-3 (Groundball, 5L)
Top of the 8th over - 0 runs, 0 hits, 0 errors, 0 left on base; Bloomington 0 - Santa Barbara 4
BOTTOM OF THE 8TH
Santa Barbara Golden Cranes batting - Pitching for Bloomington Longnecks : LHP Steve Wortley
Batting: LHB Tom Haymon 0-0: Ground out 4-3 (Groundball, 34D)
Batting: RHB Gerardo Vázquez 0-0: Ball
1-0: Ball
2-0: Ball
3-0: Called Strike
3-1: Called Strike
3-2: Strikes out swinging
Batting: RHB James Pike 0-0: Called Strike
0-1: Ball
1-1: Ball
2-1: Fly out, F7 (Flyball, 7)
Bottom of the 8th over - 0 runs, 0 hits, 0 errors, 0 left on base; Bloomington 0 - Santa Barbara 4
TOP OF THE 9TH
Bloomington Longnecks batting - Pitching for Santa Barbara Golden Cranes : LHP Isaaka Ienimea
Batting: RHB Stephen Chávez 0-0: Ball
1-0: Called Strike
1-1: Foul Ball, location: 2F
1-2: Ball
2-2: Strikes out swinging
Pitching: LHP Domingo Posadas
Batting: RHB Eun-bum Kim 0-0: Called Strike
0-1: Ball
1-1: Ball
2-1: Ball
3-1: Swinging Strike
3-2: Strikes out swinging
Batting: RHB Tony Martínez 0-0: Foul Ball, location: 2F
0-1: DOUBLE (Line Drive, 7D)
Batting: SHB Benedict Patel 0-0: Foul Ball, location: 2F
0-1: Ground out 4-3 (Groundball, 4)
Top of the 9th over - 0 runs, 1 hit, 0 errors, 1 left on base; Bloomington 0 - Santa Barbara 4
Friday, March 29th, 2019 - OOTP Baseball 18.8 Build 76